 Dungeon Crawl Stone Soup version 0.30-a0-1157-g2cc9ac7196 (webtiles) character file.

Game seed: 13716895350655578818

247 lunkers the Firebug (level 6, -3/45 HPs)
             Began as a Meteoran Fire Elementalist on Apr 24, 2023.
             Was an Initiate of Vehumet.
             Slain by a gnoll
             ... wielding a +0 spear
              (7 damage)
             ... on level 5 of the Dungeon.
             The game lasted 00:07:02 (1698 turns).

lunkers the Firebug (Meteoran Fire Elementalist)    Turns: 1698, Time: 00:07:03

Health: -3/45      AC:  4    Str: 15    XL:     6   Next: 60%
Magic:  0/14       EV: 12    Int: 19    God:    Vehumet [......]
Gold:   981        SH:  0    Dex: 15    Spells: 11/14 levels left

rFire   . . .        (no weapon)
rCold   . . .        (no shield)
rNeg    . . .        a - +1 robe
rPois   .            (no helmet)
rElec   .            (no cloak)
rCorr   .            (no gloves)
SInv    .            e - +0 pair of boots
Will    .....        (no amulet)
Stlth   +            h - +6 ring of strength
HPRegen 0.27/turn    (no ring)
MPRegen 0.14/turn

%: no passive effects
@: glowing
A: sense surroundings 1, otherworldly, glowing, explore regen
a: Renounce Religion


You were on level 5 of the Dungeon.
You worshipped Vehumet.
Vehumet was noncommittal.
You visited 2 branches of the dungeon, and saw 6 of its levels.

You collected 981 gold pieces.

Inventory:

Armour
 a - a +1 robe (worn)
 e - a +0 pair of boots (worn)
Magical Staves
 f - a staff of death
Jewellery
 h - a +6 ring of strength (left hand)
Wands
 d - a wand of iceblast (7)
Scrolls
 i - a scroll of magic mapping {unknown}
Potions
 b - a potion of magic
 c - 3 potions of curing
 g - a potion of berserk rage {unknown}
 l - 2 potions of heal wounds
 m - a potion of cancellation {unknown}


   Skills:
 - Level 2.4 Dodging
 - Level 1.4 Stealth
 + Level 4.8 Spellcasting
 - Level 1.2 Conjurations
 * Level 6.9 Fire Magic


You had 11 spell levels left.
You knew the following spells:

 Your Spells              Type           Power      Damage    Failure   Level
a - Foxfire               Conj/Fire      80%        2x1d8     2%          1
b - Scorch                Fire           60%        2d7       1%          2

Your spell library contained the following spells:

 Spells                   Type           Power      Damage    Failure   Level
 Inner Flame              Hex/Fire       17%        N/A       10%         3
 Volatile Blastmotes      Fire/Tloc      34%        2d12      10%         3
 Flame Wave               Conj/Fire      20%        2d7       24%         4
 Summon Forest            Summ/Tloc      2%         N/A       98%         5
 Summon Mana Viper        Hex/Summ       4%         N/A       98%         5
 Summon Cactus Giant      Summ           2%         N/A       100%        6


Dungeon Overview and Level Annotations

Branches:
Dungeon (5/15) Zot: 1387   Temple (1/1) D:4 Zot: 515

Altars:
Cheibriados
Dithmenos
Elyvilon
Fedhas
Gozag
Hepliaklqana
Kikubaaqudgha
Qazlal
Trog
Uskayaw
Vehumet
Wu Jian
Xom
Yredelemnul
The Shining One


Innate Abilities, Weirdness & Mutations

You passively map a small area around you.
You are easily found by Zot.
You glow in the dark.
You regain HP and MP as you explore.


Message History

The foxfire hits the gnoll but does no damage.
The gnoll is moderately wounded.
The foxfire hits the gnoll.
The gnoll is heavily wounded.
The gnoll hits you from afar with a +0 spear.
* * * LOW HITPOINT WARNING * * *
The gnoll hits you but does no damage.
The foxfire hits the gnoll.
The gnoll is severely wounded.
The foxfire hits the gnoll.
The gnoll is almost dead.
Casting: Foxfire (safe; 2% risk of failure)
Press: ? - help, Q - select action, (/) - cycle Dir - look around, f - activate You conjure some foxfire!
* * * LOW MAGIC WARNING * * *
The gnoll misses you.
The gnoll hits you from afar with a +0 spear.
* * * LOW HITPOINT WARNING * * *
Casting: Foxfire (safe; 2% risk of failure)
Press: ? - help, Q - select action, (/) - cycle Dir - look around, f - activate You conjure some foxfire!
* * * LOW MAGIC WARNING * * *
The foxfire hits the gnoll.
You kill the gnoll!
Vehumet accepts your kill.
The foxfire hits the gnoll.
The gnoll is moderately wounded.
The gnoll hits you from afar with a +0 spear.
* * * LOW HITPOINT WARNING * * *
Your magical contamination has completely faded away.
Casting: Foxfire (safe; 2% risk of failure)
Press: ? - help, Q - select action, (/) - cycle Dir - look around, f - activate You conjure some foxfire!
* * * LOW MAGIC WARNING * * *
The foxfire hits the gnoll.
The gnoll is heavily wounded.
The foxfire hits the gnoll.
The gnoll is heavily wounded.
The gnoll hits you from afar with a +0 spear!
You die...

, * , * * * , , , , **
,, , , , ,, * , , ,, , +
, , , , ####* * *###+##
* * ,*
##..########+###....###
,
#..........#....§vg...#
,
#).........'....@v))..+,
##.##.##'###..##§§##.##
##.##+##..##))##..##.# ,
....+......#)..#...#.g ,
...[#......#)..#...#...
,
#..#####'###.###..######
,
#<.####..###.###..####*
* ,
..>......#...........#,,
.........#...........# ,


You could see a gnoll (ally target).

Vanquished Creatures
  An ogre (D:4)
  An orc priest (D:4)
  An iguana (D:4)
  3 gnolls (D:5)
  An adder (D:4)
  A dart slug (D:4)
  10 orcs
  4 endoplasms
  4 giant cockroaches
  2 goblins
  8 hobgoblins
  4 jackals (D:4)
  4 quokkas
  2 ball pythons (D:2)
  3 bats
  2 frilled lizards (D:3)
  7 kobolds
  2 rats (D:1)
  A toadstool (D:2)
61 creatures vanquished.

Vanquished Creatures (others)
  103 foxfires
  2 plants (D:3)
  A toadstool (D:2)
106 creatures vanquished.

Grand Total: 167 creatures vanquished

Notes
Turn   | Place    | Note
-------+----------+-------------------------------------------
     0 | D:1      | lunkers the Meteoran Fire Elementalist began the quest for
                  | the Orb.
     0 | D:1      | Reached XP level 1. HP: 14/14 MP: 5/5
    41 | D:1      | Reached XP level 2. HP: 17/20 MP: 0/6
    49 | D:1      | Reached skill level 4 in Fire Magic
    62 | D:1      | Learned a level 2 spell: Scorch
   211 | D:1      | Reached XP level 3. HP: 26/26 MP: 5/8
   954 | D:3      | Found a faded altar of an unknown god.
  1047 | D:3      | Reached XP level 4. HP: 26/33 MP: 0/10
  1164 | D:3      | Found a shadowy altar of Dithmenos.
  1169 | D:3      | Found a blossoming altar of Fedhas.
  1247 | D:4      | Reached skill level 5 in Fire Magic
  1293 | D:4      | Reached XP level 5. HP: 35/38 MP: 0/12
  1381 | D:4      | Found a staircase to the Ecumenical Temple.
  1386 | Temple   | Entered the Ecumenical Temple
  1450 | Temple   | Became a worshipper of Vehumet
  1467 | Temple   | Identified a scroll of acquirement
  1467 | Temple   | Acquired 774 gold pieces
  1490 | D:4      | Noticed an ogre
  1496 | D:4      | Killed an ogre
  1497 | D:4      | Reached skill level 6 in Fire Magic
  1497 | D:4      | Reached XP level 6. HP: 13/45 MP: 2/13
  1597 | D:5      | Entered Level 5 of the Dungeon
  1698 | D:5      | Slain by a gnoll

Illustrated notes

Levels and vault maps discovered:
D:1:      erik_arrival_orb_chamber, layout_basic
D:2:      layout_basic, kennysheep_small_spiral, minivault_14,
          minmay_gold_behind_fungi
D:3:      layout_basic, mainiacjoe_overflow_big_doors,
          shapermc_ecumenical_altar_gd, bh_walls_and_bars
D:4:      layout_rooms, minmay_temple_entry_wispy, roderic_lattice_a
D:5:      layout_gridville
Temple:   nicolae_temple_god_jail

Skill      XL: |  1  2  3  4  5 |
---------------+----------------+-----
Fire Magic     | 4 5 6 |  6.9
Spellcasting   | 3 4 |  4.8
Dodging        | |  2.4
Stealth        | |  1.4
Conjurations   | |  1.2

Action                     |  1- 3 |  4- 6 || total
---------------------------+-------+-------++-------
  Melee: Unarmed           |    33 |     2 ||    35
   Cast: Foxfire           |    40 |    22 ||    62
         Scorch            |    15 |    28 ||    43
    Use: Scroll            |     9 |     2 ||    11
 Armour: Robe              |    11 |     6 ||    17
  Dodge: Dodged            |    37 |    12 ||    49

Table legend: (Time is in decaauts)
 A = Elapsed time spent in this place.
 B = Non-inter-level travel time spent in this place.
 C = Inter-level travel time spent in this place.
 D = Time resting spent in this place.
 E = Time spent auto-exploring this place.
 F = Levels seen in this place.
 G = Mean time per level.
                   A        B        C        D        E       F      G
               +--------+--------+--------+--------+--------+-----+--------+
         Total |   1696 |   1650 |     46 |      0 |   1007 |   6 |  282.7 |
       Dungeon |   1612 |   1566 |     46 |      0 |    978 |   5 |  322.4 |
        Temple |     84 |     84 |      0 |      0 |     29 |   1 |   84.0 |
               +--------+--------+--------+--------+--------+-----+--------+

Top non-repeatable levels by time:
     D:3: 453 daAuts
     D:2: 402 daAuts
     D:1: 350 daAuts
     D:4: 304 daAuts
     D:5: 100 daAuts
  Temple: 84 daAuts
